AoeStats
← Leo31

Arabia

510032251Analyzed
2v2 RM · 2d ago on Sep 29, 2026· 46m 42s· 4 players
Game mode
Random Map
Map size
Medium (4 player)
Population
200
Speed
Normal
Resources
Standard
Victory
Conquest
Starting age
Dark Age
Ending age
Imperial Age
RankedLock teamsTeams togetherTeam positionsShared explorationLock speedFull tech treeHidden civsTurbo modeCheats
Victory
Defeat
🇨🇴 Teutons · Colombia
1342
+14
🇨🇴 Huns · Colombia
1341
+14
🇲🇽 Cumans · Mexico
1298
-14
🇲🇽 Varangians · Mexico
1297
-14
Tormentum
7:01 Loom
8:56 Feudal Age
7:12 Loom
9:43 Double-Bit Axe
13:26 Bloodlines
22:44 Castle Age
21:24 Forging
21:48 Scale Barding Armor
22:21 Gold Mining
22:20 Horse Collar
24:12 Chain Barding Armor
25:33 Heavy Plow
26:38 Husbandry
32:19 Fletching
33:49 Town Watch
34:39 Wheelbarrow
41:29 Iron Casting
40:51 Bodkin Arrow
41:45 Town Watch
42:25 Hand Cart
42:28 Stone Mining
42:22 Elite Skirmisher
44:01 Padded Archer Armor
noryb.drol
6:51 Loom
8:56 Feudal Age
15:20 Bloodlines
22:58 Castle Age
21:53 Forging
22:02 Double-Bit Axe
22:00 Horse Collar
23:46 Scale Mail Armor
23:09 Pikeman
27:27 Wheelbarrow
27:15 Squires
28:31 Scale Barding Armor
30:20 Chain Barding Armor
30:54 Town Watch
35:15 Hand Cart
36:17 Town Patrol
36:09 Fletching
37:42 Stone Mining
38:25 Chain Mail Armor
38:45 Iron Casting
38:49 Bow Saw
43:32 Imperial Age
43:33 Bodkin Arrow
43:36 Halberdier
eiage12
6:00 Loom
9:07 Feudal Age
9:46 Double-Bit Axe
9:44 Horse Collar
16:17 Forging
20:40 Castle Age
19:30 Bloodlines
20:07 Scale Barding Armor
20:36 Gold Mining
21:44 Chain Barding Armor
22:37 Bow Saw
27:17 Iron Casting
27:01 Heavy Plow
27:19 Squires
28:30 Wheelbarrow
30:17 Hand Cart
30:33 Pikeman
32:08 Town Watch
33:35 Arson
38:37 Imperial Age
37:01 Scale Mail Armor
38:59 Fletching
40:20 Blast Furnace
39:56 Plate Barding Armor
38:42 Cavalier
40:42 Chemistry
39:11 Capped Ram
40:36 Paladin
41:41 Padded Archer Armor
41:59 Chain Mail Armor
43:20 Bodkin Arrow
45:05 Halberdier
45:10 Man-at-Arms
45:35 Gambesons
46:14 Padded Archer Armor
47:21 Plate Mail Armor
Leo31
5:54 Loom
9:20 Feudal Age
10:01 Double-Bit Axe
11:49 Fletching
21:05 Wheelbarrow
24:26 Castle Age
23:52 Padded Archer Armor
24:06 Town Watch
24:15 Town Watch
25:14 Husbandry
25:25 Bloodlines
25:20 Bodkin Arrow
26:05 Squires
28:58 Ballistics
30:25 Hand Cart
30:45 Leather Archer Armor
31:40 Town Patrol
33:18 Thumb Ring
38:00 Gold Mining
41:37 Imperial Age
41:52 Stone Mining
43:19 Bracer
44:31 Chemistry
45:23 Gold Shaft Mining
44:48 Horse Collar
46:24 Parthian Tactics
46:46 Heavy Plow
Connection lost

Rejoining the realm…

Still unreachable

The connection could not be restored.

Session expired

The server has moved on; the page needs a fresh start.